 Dungeon Crawl Stone Soup version 0.28-a0-1555-g9ae15a6949 (webtiles) character file.

Game seed: 4669699570134901740

119 Demosthentine the Shield-Bearer (level 5, -1/42 HPs)
             Began as a Human Fighter on Jan 18, 2022.
             Slain by Natasha (8 damage)
             ... on level 2 of the Dungeon.
             The game lasted 00:01:58 (1827 turns).

Demosthentine the Shield-Bearer (Human Fighter)     Turns: 1827, Time: 00:01:59

Health: -1/42      AC:  6    Str: 16    XL:     5   Next: 24%
Magic:  5/5        EV:  9    Int:  8    God:
Gold:   66         SH:  5    Dex: 15    Spells: 4/4 levels left

rFire   . . .      SeeInvis .   a - +0 long sword
rCold   . . .      Faith    .   c - +0 buckler
rNeg    . . .      Spirit   .   b - +0 scale mail
rPois   .          Reflect  .   (no helmet)
rElec   .          Harm     .   (no cloak)
rCorr   .          Rampage  .   (no gloves)
Will    .....                   (no boots)
Stlth   ..........              (no amulet)
HPRegen 0.14/turn               (no ring)
MPRegen 0.09/turn               (no ring)

@: no status effects
A: no striking features
a: no special abilities


You were on level 2 of the Dungeon.
You visited 1 branch of the dungeon, and saw 2 of its levels.

You collected 66 gold pieces.

Inventory:

Hand Weapons
 a - a +0 long sword (weapon)
Armour
 b - a +0 scale mail (worn)
 c - a +0 buckler (worn)
Scrolls
 f - a scroll of enchant weapon {unknown}
 g - a scroll of noise {unknown}
Potions
 d - a potion of might


   Skills:
 + Level 3.6 Fighting
 + Level 2.8 Long Blades
 + Level 3.6 Armour
 + Level 1.7 Dodging
 + Level 3.6 Shields


You had 4 spell levels left.
You didn't know any spells.
Your spell library was empty.

Dungeon Overview and Level Annotations

Branches:
Dungeon (2/15)

Altars:

Annotations:
D:2 Natasha


Message History

Natasha is moderately wounded.
Natasha barely misses you. Natasha claws you!
You barely miss Natasha.
Natasha is moderately wounded.
The shadow imp disappears in a puff of smoke!
Natasha claws you.
* * * LOW HITPOINT WARNING * * *
You block Natasha's attack.
You hit Natasha.
Natasha is heavily wounded.
Natasha claws you.
* * * LOW HITPOINT WARNING * * *
You block Natasha's attack.
You miss Natasha.
Natasha is heavily wounded.
Natasha closely misses you. Natasha claws you.
* * * LOW HITPOINT WARNING * * *
You feel much better. Natasha misses you.
You closely miss Natasha.
Natasha is heavily wounded.
Natasha closely misses you. x2
You hit Natasha.
Natasha is almost dead.
Natasha wildly gestures.
Natasha shimmers violently.
Natasha barely misses you. Natasha claws you.
You closely miss Natasha.
Natasha is almost dead.
You feel yourself speed up. Natasha misses you. Natasha casts a spell at you.
The magic dart hits you.
You completely miss Natasha.
Natasha is almost dead.
Natasha claws you!
* * * LOW HITPOINT WARNING * * *
You closely miss Natasha.
Natasha is almost dead.
Natasha claws you!
You die...

..........# ##...........
.........# #<...#+#..<..
.........# ###....#.##..
.........# #....#....#
.........####### #..........
...............# #...^......
...............# #..........
...............########......####
.?.............h@).........#.#
######.........####.#......#.#
####......# #........+.# #......#
#.#.....>### #......##+#+#......#
#............#######
#............# #............#
######.......#


You could see Natasha.

Vanquished Creatures
  Natasha (D:2)
  Terence (D:2)
  3 adders (D:2)
  3 bats
  4 endoplasms
  3 giant cockroaches
  3 goblins
  2 hobgoblins (D:1)
  A quokka (D:1)
  6 ball pythons (D:1)
  3 frilled lizards (D:1)
  9 kobolds
  5 rats
44 creatures vanquished.

Vanquished Creatures (others)
  4 plants (D:1)
4 creatures vanquished.

Grand Total: 48 creatures vanquished

Notes
Turn   | Place    | Note
-------+----------+-------------------------------------------
     0 | D:1      | Demosthentine the Human Fighter began the quest for the
                  | Orb.
     0 | D:1      | Reached XP level 1. HP: 18/18 MP: 1/1
    69 | D:1      | Found a faded altar of an unknown god.
   156 | D:1      | Reached XP level 2. HP: 22/24 MP: 2/2
   580 | D:1      | Reached XP level 3. HP: 27/29 MP: 3/3
   875 | D:1      | Reached skill level 1 in Dodging
  1212 | D:2      | Reached XP level 4. HP: 22/35 MP: 4/4
  1615 | D:2      | Noticed Natasha
  1635 | D:2      | Killed Natasha
  1771 | D:2      | Noticed Terence
  1806 | D:2      | Noticed Natasha
  1809 | D:2      | HP: 1/35 [Terence (1)]
  1815 | D:2      | Killed Terence
  1816 | D:2      | Reached XP level 5. HP: 24/42 MP: 5/5
  1827 | D:2      | Slain by Natasha

Illustrated notes

Levels and vault maps discovered:
D:1:      wander_arrival_fairy_ring, layout_loops_ring, basic_ecumenical_altar,
          minivault_19, st_stairs_7
D:2:      layout_basic, uniq_robin, uniq_natasha, uniq_terence

Skill      XL: |  1  2  3 |
---------------+----------+-----
Dodging        | 1 |  1.7
Fighting       | |  3.6
Long Blades    | |  2.8
Armour         | |  3.6
Shields        | |  3.6

Action                   |  1- 3 |  4- 6 || total
-------------------------+-------+-------++-------
Melee: Long sword        |    91 |    66 ||   157
  Use: Scroll            |     2 |       ||     2
       Potion            |       |     2 ||     2
Armor: Scale mail        |    39 |    22 ||    61
Dodge: Dodged            |    52 |    38 ||    90
Block: Buckler           |    24 |    15 ||    39

Table legend: (Time is in decaauts)
 A = Elapsed time spent in this place.
 B = Non-inter-level travel time spent in this place.
 C = Inter-level travel time spent in this place.
 D = Time resting spent in this place.
 E = Time spent auto-exploring this place.
 F = Levels seen in this place.
 G = Mean time per level.
                   A        B        C        D        E       F      G
               +--------+--------+--------+--------+--------+-----+--------+
         Total |   1889 |   1844 |     45 |      0 |   1486 |   2 |  944.5 |
       Dungeon |   1889 |   1844 |     45 |      0 |   1486 |   2 |  944.5 |
               +--------+--------+--------+--------+--------+-----+--------+

Top non-repeatable levels by time:
     D:1: 1065 daAuts
     D:2: 823 daAuts
